 Dungeon Crawl Stone Soup version 0.29.0-11-gd7f09526c8 (webtiles) character file.

Game seed: 15467650229450750544

4 brainsironically the Trooper (level 1, 0/18 HPs)
             Began as a Human Berserker on Sept 5, 2022.
             Was a Follower of Trog.
             Slain by a gnoll
             ... wielding a +0 spear
              (5 damage)
             ... on level 1 of the Dungeon.
             The game lasted 00:02:36 (261 turns).

brainsironically the Trooper (Human Berserker)       Turns: 261, Time: 00:02:37

Health: 0/18       AC:  5    Str: 17    XL:     1   Next: 66%
Magic:  1/1        EV: 11    Int:  7    God:    Trog [*.....]
Gold:   19         SH:  0    Dex: 12    Spells: 0/0 levels left

rFire   . . .      SeeInvis .   e - +0 hand axe (venom)
rCold   . . .      Faith    .   (no shield)
rNeg    . . .      Spirit   .   h - +0 ring mail
rPois   .          Reflect  .   (no helmet)
rElec   .          Harm     .   (no cloak)
rCorr   .          Rampage  .   (no gloves)
Will    .....                   (no boots)
Stlth   +.........              (no amulet)
HPRegen 0.06/turn               (no ring)
MPRegen 0.07/turn               (no ring)

@: no status effects
A: no striking features
a: Renounce Religion, Berserk


You were on level 1 of the Dungeon.
You worshipped Trog.
Trog was aware of your devotion.
You visited 1 branch of the dungeon, and saw 1 of its levels.

You collected 19 gold pieces.

Inventory:

Hand Weapons
 a - a +0 mace
 c - a +0 club
 e - a +0 hand axe of venom (weapon)
 g - a +0 dagger
Missiles
 f - 13 stones (quivered)
Armour
 b - a +0 animal skin
 h - a +0 ring mail (worn)
Scrolls
 i - a scroll of butterflies {unknown}
Potions
 d - a potion of mutation {unknown}


   Skills:
 + Level 3.2 Fighting
 + Level 3.0 Maces & Flails
 + Level 2.0 Armour
 + Level 2.0 Dodging


You couldn't memorise any spells.
You didn't know any spells.
Your spell library contained the following spells:

 Spells                   Type           Power      Damage    Failure   Level
 Ensorcelled Hibernation  Hex/Ice        0%         N/A       77%         2
 Spider Form              Tmut/Pois      0%         N/A       94%         3
 Anguish                  Hex/Necr       0%         N/A       100%        4


Dungeon Overview and Level Annotations

Branches:
Dungeon (1/15)

Altars:


Message History

h - a +0 ring mail You start removing your armour.
You continue taking off your +0 animal skin. x4
You finish taking off your +0 animal skin.
You start putting on your armour.
You continue putting on your +0 ring mail. x5
You finish putting on your +0 ring mail.
HP restored.
f - 8 stones (gained 5)
There are no items here.
There is a faded altar of an unknown god here.
i - a scroll labelled YWKOFR DIYPA
There are no items here.
As you read the scroll labelled QOUDO ILUULE, it crumbles to dust.
You feel strangely unstable.
It was a scroll of teleportation.
Your surroundings suddenly seem different.
You see here a +0 hand axe of venom.
e - a +0 hand axe of venom Your +0 hand axe of venom begins to drip with poison!
e - a +0 hand axe of venom (weapon)
Found 5 stones.
f - 13 stones (gained 5)
A gnoll and a giant cockroach come into view.
You hit the giant cockroach but do no damage.
The giant cockroach misses you.
The gnoll hits you from afar with a +0 spear.
The giant cockroach bites you but does no damage.
You barely miss the giant cockroach.
The giant cockroach bites you but does no damage.
The gnoll hits you from afar with a +0 spear.
You barely miss the giant cockroach. The giant cockroach barely misses you.
The gnoll hits you from afar with a +0 spear!
* * * LOW HITPOINT WARNING * * *
The giant cockroach bites you but does no damage.
You hit the giant cockroach.
The giant cockroach is poisoned.
The giant cockroach is severely wounded.
You kill the giant cockroach!
Trog accepts your kill.
The gnoll hits you from afar with a +0 spear.
You die...

### #.. # ## #.# #.#.
#.# #.##.#.
##.##########......
.g........#######.
#.#######.#∩#∩#∩#.
#.###@##...##...._....
#........#.####∩#∩#∩#.
#..##.##...# ########.
#. #.###.## #..# #..
.. ..# #.# #..####..
.. ##.###.####........
# #.......###.####..
#.###.#.# #.# #..
#.###.#.###.####..


You could see a gnoll.

Vanquished Creatures
  An endoplasm (D:1)
  2 giant cockroaches (D:1)
  A kobold (D:1)
4 creatures vanquished.

Notes
Turn   | Place    | Note
-------+----------+-------------------------------------------
     0 | D:1      | brainsironically the Human Berserker began the quest for
                  | the Orb.
     0 | D:1      | Reached XP level 1. HP: 18/18 MP: 1/1
   124 | D:1      | Found a faded altar of an unknown god.
   261 | D:1      | Slain by a gnoll

Illustrated notes

Levels and vault maps discovered:
D:1:      amcnicky_arrival_underground_garden, layout_loops_ring,
          ebering_ecumenical_altar_hall, minmay_misc_feat_roman,
          hangedman_decor_lopped

Action                   || total
-------------------------++-------
Melee: Mace              ||     6
       Hand axe          ||     4
  Use: Scroll            ||     1
Armor: Animal skin       ||     4
       Ring mail         ||     3
Dodge: Dodged            ||     5
